 Seeded DCSS version 0.31-a0-667-g39726597b9 (webtiles) character file.

Game seed: 2750931936753993874 (custom seed)

128 kingsuperguy the Cudgeller (level 4, 0/41 HPs)
             Began as a Minotaur Berserker on Sept 3, 2023.
             Was a Priest of Trog.
             Slain by a shadow imp (3 damage)
             ... on level 4 of the Dungeon.
             The game lasted 00:03:12 (2821 turns).

kingsuperguy the Cudgeller (Minotaur Berserker)     Turns: 2821, Time: 00:03:15

Health: 0/41       AC:  4    Str: 29    XL:     4   Next: 87%
Magic:  3/3        EV: 11    Int:  4    God:    Trog [***...]
Gold:   176        SH:  7    Dex: 10    Spells: 3/3 levels left

rFire   + . .        a - +0 mace
rCold   + . .        i - +0 kite shield
rNeg    . . .        q - +0 leather armour
rPois   .            (helmet restricted)
rElec   .            s - scarf {rC+ rF+}
rCorr   .            (no gloves)
SInv    .            k - +0 pair of boots
Will    .....        (no amulet)
Stlth   +            o - +6 ring of strength
HPRegen 0.26/turn    (no ring)
MPRegen 0.08/turn

%: no passive effects
@: on berserk cooldown, attractive
A: horns 2, retaliatory headbutt
a: Renounce Religion, Berserk, Trog's Hand


You were on level 4 of the Dungeon.
You worshipped Trog.
Trog was most pleased with you.
You visited 1 branch of the dungeon, and saw 4 of its levels.

You collected 176 gold pieces.

Inventory:

Hand Weapons
 a - a +0 mace (weapon)
Armour
 b - a +0 animal skin
 i - a +0 kite shield (worn)
 k - a +0 pair of boots (worn)
 q - a +0 leather armour (worn)
 s - a scarf of resistance (worn)
Jewellery
 e - a ring of protection from cold
 m - a ring of ice
 o - a +6 ring of strength (left hand)
Scrolls
 c - 3 scrolls of teleportation {unknown}
 d - a scroll of poison {unknown}
 f - a scroll of silence {unknown}
 h - 7 scrolls of identify {unknown}
 p - a scroll of vulnerability {unknown}
 r - a scroll of enchant armour {unknown}
Potions
 g - a potion of curing {unknown}
 j - a potion of might
 l - a potion of cancellation
 n - a potion of attraction


   Skills:
 + Level 4.7 Fighting
 + Level 5.1 Maces & Flails
 + Level 2.6 Armour
 + Level 3.0 Dodging
 + Level 0.7 Stealth
 + Level 0.6 Shields


You had 3 spell levels left.
You didn't know any spells.
Your spell library was empty.

Dungeon Overview and Level Annotations

Branches:
Dungeon (4/15)
 Temple: D:4-7

Altars:
Makhleb


Innate Abilities, Weirdness & Mutations

You have a pair of horns on your head.
You reflexively headbutt those who attack you in melee.


Message History

The shadow imp hits you but does no damage.
The quokka closely misses you. You block the shadow imp's attack.
The quokka closely misses you. The shadow imp misses you.
You hit the shadow imp.
The shadow imp is lightly wounded.
The quokka bites you but does no damage.
The shadow imp hits you.
* * * LOW HITPOINT WARNING * * *
You block the quokka's attack.
You hit the shadow imp.
The shadow imp is moderately wounded.
The shadow imp hits you.
* * * LOW HITPOINT WARNING * * *
You block the quokka's attack. The shadow imp hits you.
* * * LOW HITPOINT WARNING * * *
You block the quokka's attack.
You hit the shadow imp. Your headbutt misses the shadow imp.
The shadow imp is heavily wounded.
The quokka misses you. The shadow imp hits you.
* * * LOW HITPOINT WARNING * * *
The quokka closely misses you. You furiously retaliate!
You headbutt the quokka!
You kill the quokka!
Trog accepts your kill.
The shadow imp hits you but does no damage.
It was a potion of might.
You feel very mighty all of a sudden.
The shadow imp hits you but does no damage.
The shadow imp hits you.
* * * LOW HITPOINT WARNING * * *
It was a potion of attraction.
You feel attractive to monsters. You block the shadow imp's attack.
It was a potion of cancellation.
Your magical effects are unravelling.
You feel magically purged.
You feel yourself speed up.
You feel a little less mighty now.
The shadow imp hits you but does no damage.
The shadow imp hits you.
You die...

♣P ....# ####♣.~~~.. .
#....~~~.. ..
....~~5~♣.# ###..~ ~...
.....♣.. #.##.#####.###
###########....5@.......
...............#####.###
###########..........
.......#####. ##....#.#
......#.# .......#.#
......>#.# ..###.#.#.#


You could see a shadow imp.

Vanquished Creatures
  An adder (D:4)
  A shadow imp (D:4)
  A white imp (D:4)
  An ufetubus (D:4)
  A worm (D:2)
  2 dart slugs
  4 orcs
  7 bats
  4 endoplasms
  5 giant cockroaches
  9 goblins
  5 hobgoblins
  8 jackals
  3 quokkas
  6 ball pythons
  8 frilled lizards
  10 kobolds
  9 rats
85 creatures vanquished.

Notes
Turn   | Place    | Note
-------+----------+-------------------------------------------
     0 | D:1      | kingsuperguy the Minotaur Berserker began the quest for the
                  | Orb.
     0 | D:1      | Reached XP level 1. HP: 19/19 MP: 0/0
    42 | D:1      | You fall into a shaft and drop 1 floor!
   173 | D:2      | Reached XP level 2. HP: 27/27 MP: 1/1
   177 | D:2      | Reached skill level 4 in Maces & Flails
   605 | D:3      | Reached XP level 3. HP: 26/33 MP: 2/2
   683 | D:3      | Found a burning altar of Makhleb.
  1326 | D:2      | Reached ** piety under Trog
  2070 | D:1      | Reached XP level 4. HP: 33/41 MP: 3/3
  2277 | D:1      | Reached *** piety under Trog
  2699 | D:4      | Reached skill level 5 in Maces & Flails
  2819 | D:4      | HP: 2/41 [shadow imp (2)]
  2821 | D:4      | Slain by a shadow imp

Illustrated notes

Levels and vault maps discovered:
D:1:      minmay_arrival_solitary_statue, layout_loops_cross, serial_forest,
          infiniplex_forest_lined_room_2, infiniplex_forest_straight_2,
          infiniplex_forest_lined_2, infiniplex_forest_clump_medium,
          infiniplex_forest_lined_3, hangedman_feature_mirror
D:2:      layout_basic, nrook_mini_vaults, hangedman_decor_peaks_small
D:3:      layout_basic, mainiacjoe_overflow_alcove_1, serial_rivers,
          chequers_serial_rivers_large_b, chequers_serial_rivers_small_b,
          chequers_serial_rivers_micro_d, chequers_serial_rivers_room_b,
          chequers_serial_rivers_marsh, kennysheep_decorative_pillar
D:4:      layout_basic, nicolae_ru_awakened_eye, serial_demonic,
          serial_demonic_f, serial_demonic_f, serial_demonic_g,
          serial_demonic_a, roderic_lattice_a

Skill      XL: |  1  2  3  4 |
---------------+-------------+-----
Fighting       | 4 |  4.7
Maces & Flails | 4 5 |  5.1
Dodging        | 3 |  3.0
Armour         | |  2.6
Stealth        | |  0.7
Shields        | |  0.6

Action                     |  1- 3 |  4- 6 || total
---------------------------+-------+-------++-------
  Melee: Mace              |    95 |    67 ||   162
         Headbutt          |    13 |     6 ||    19
 Invoke: Berserk           |       |     1 ||     1
    Use: Potion            |       |     3 ||     3
   Stab: Sleeping          |       |     1 ||     1
 Armour: Animal skin       |    47 |       ||    47
         Leather armour    |    12 |    50 ||    62
  Dodge: Dodged            |    67 |    40 ||   107
  Block: Kite shield       |    27 |    28 ||    55

Table legend: (Time is in decaauts)
 A = Elapsed time spent in this place.
 B = Non-inter-level travel time spent in this place.
 C = Inter-level travel time spent in this place.
 D = Time resting spent in this place.
 E = Time spent auto-exploring this place.
 F = Levels seen in this place.
 G = Mean time per level.
                   A        B        C        D        E       F      G
               +--------+--------+--------+--------+--------+-----+--------+
         Total |   2921 |   2631 |    290 |      0 |   2136 |   4 |  730.2 |
       Dungeon |   2921 |   2631 |    290 |      0 |   2136 |   4 |  730.2 |
               +--------+--------+--------+--------+--------+-----+--------+

Top non-repeatable levels by time:
     D:2: 1151 daAuts
     D:3: 897 daAuts
     D:1: 718 daAuts
     D:4: 154 daAuts
